Cogmind - Beta 10.2 @@@ ROGUE MODE // 2021.06.15 @ 15:51:13 Player: Pitt Result: Destroyed by G-50 Soldier with Heavy Laser Performance ------------- Evolutions (4) 2000 Regions Visited (9) 1800 Robots Destroyed (85) 425 Value Destroyed (3564) 3564 Prototype IDs (2) 40 Alien Tech Used (0) 0 Bonus (1235) 1235 TOTAL SCORE: 9064 Bonus ------- High Alert Combat Kills 335 Follower Combat Kills 386 Entered Garrisons 200 Used RIF Installer 500 Friendly Fire -186 Cogmind --------- Core Integrity 0/850 Matter 0/300 Energy 234/360 System Corruption 29% Temperature Cool (15) Movement Treading (180) Ox1 Location -6/Factory Parts ------- > --- POWER (2) -------- Improved Deuterium Engine Light Antimatter Reactor > --- PROPULSION (4) --- Light Treads Light Treads Light Treads > --- UTILITY (5) ------ Advanced Heat Sink Large Storage Unit Improved Powered Armor > --- WEAPON (4) ------- Plasma Cannon Coil Gun > --- INVENTORY (10) --- Fission Core Xenon Bombardment Thruster Improved Light Armor Plating Improved Light Armor Plating Improved Force Field Relay Coupler [NC] (22) Heavy Plasma Cannon Coil Gun Hypervelocity Gauss Rifle Remote Datajack Peak State ------------ > --- POWER ------------ Light Antimatter Reactor Light Antimatter Reactor > --- PROPULSION ------- Light Treads Light Treads Light Treads Xenon Bombardment Thruster > --- UTILITY ---------- Advanced Heat Sink Advanced Heat Sink Large Storage Unit Improved Powered Armor Improved Hardlight Generator > --- WEAPON ----------- Heavy Plasma Cannon Coil Gun Coil Gun Remote Datajack > --- INVENTORY -------- Fission Core Improved Light Armor Plating Improved Light Armor Plating Improved Force Field Relay Coupler [NC] Relay Coupler [NC] Relay Coupler [NC] Relay Coupler [NC] Hypervelocity Gauss Rifle [Rating: 64] Favorites ----------- Power Reinforced Deuterium Engine Engine Reinforced Deuterium Engine Power Core Light Nuclear Core Reactor Light Antimatter Reactor Propulsion Light Treads Treads Light Treads Leg Aluminum Leg Wheel Compact Wheel Hover Unit Gravmag System Flight Unit VTOL Module Utility Large Storage Unit Device Improved Hardlight Generator Storage Large Storage Unit Processor Core Analyzer Hackware Hacking Suite Protection Improved Powered Armor Weapon Coil Gun Energy Gun Heavy Laser Energy Cannon Heavy Plasma Cannon Ballistic Gun Coil Gun Launcher Rocket Launcher Special Weapon Remote Datajack Impact Weapon Mace Special Melee Weapon Datajack Build | -11 -10 -10 -9 -8 -8 -7 -6 -6 -6 ------- Run | Scr Mat Min Mat Mat Sto Fac Fac Gar Fac Slots Evolved 8 | . . . 2 2 . 2 2 . . Power 1 | . . . . . . . 1 . . Propulsion 2 | . . . . 1 . . 1 . . Utility 3 | . . . 1 . . 2 . . . Weapon 2 | . . . 1 1 . . . . . Parts Attached 150 | 9 3 7 8 8 4 14 6 55 36 Power 23 | 1 1 1 1 1 . 1 1 11 5 Engine 16 | 1 1 1 1 . . 1 1 9 1 Core 5 | . . . . 1 . . . 2 2 Reactor 2 | . . . . . . . . . 2 Propulsion 31 | 2 . 2 2 3 2 2 2 8 8 Treads 15 | . . . 2 1 . . 1 6 5 Leg 9 | 2 . 2 . 2 2 . . . 1 Wheel 1 | . . . . . . 1 . . . Hover 1 | . . . . . . 1 . . . Flight 5 | . . . . . . . 1 2 2 Utility 41 | 3 . 1 1 . 2 8 2 15 9 Device 15 | 1 . 1 . . 1 4 . 5 3 Storage 4 | 1 . . . . . . . 3 . Processor 6 | 1 . . 1 . . 3 1 . . Hackware 11 | . . . . . 1 . . 5 5 Protection 5 | . . . . . . 1 1 2 1 Artifact . | . . . . . . . . . . Weapon 55 | 3 2 3 4 4 . 3 1 21 14 Energy Gun 18 | 2 1 1 3 2 . 2 . 6 1 Energy Cannon 5 | . . . . . . 1 1 1 2 Ballistic Gun 14 | 1 . . . . . . . 8 5 Ballistic Cannon . | . . . . . . . . . . Launcher 4 | . . 1 1 1 . . . . 1 Special Weapon 7 | . 1 1 . . . . . . 5 Impact Weapon 2 | . . . . . . . . 2 . Slashing Weapon . | . . . . . . . . . . Piercing Weapon . | . . . . . . . . . . Special Melee Weapon 5 | . . . . 1 . . . 4 . Unidentified Prototypes 2 | . . . . 1 . . . . 1 Parts Lost 50 | . . 4 6 7 4 . . 23 6 Power 5 | . . . . 1 . . . 3 1 Propulsion 15 | . . 1 1 2 3 . . 5 3 Utility 9 | . . 1 . 1 . . . 6 1 Weapon 21 | . . 2 5 3 1 . . 9 1 Highest Loss Streak 7 | . . 4 4 3 2 . . 7 2 Average Slot Usage (%) 84 | . 99 96 89 72 57 45 85 86 92 Engine 7 | . 13 14 11 5 . 2 12 9 1 Core 1 | . . . . 2 7 . . 1 3 Reactor 1 | . . . . . . . . . 5 Treads 11 | . . . 9 13 5 . 5 13 19 Leg 5 | . 28 27 11 10 13 . . . 1 Flight 2 | . . . . . . . . 3 4 Device 8 | . 14 11 11 5 1 13 10 7 7 Storage 8 | . 14 14 11 9 7 . . 8 7 Processor 3 | . . . 10 9 7 9 6 2 . Hackware 3 | . . . . . 9 7 6 4 2 Protection 5 | . . . . . . . 8 7 9 Energy Gun 6 | . 12 3 9 7 6 7 13 7 1 Energy Cannon 2 | . . . . . . . 6 2 4 Ballistic Gun 9 | . 14 14 5 . . . . 9 13 Launcher 1 | . . 4 9 6 . . . . 2 Special Weapon 1 | . 1 5 . . . . . . 2 Naked Turns . | . . . . . . . . . . Heaviest Build 94 | 14 16 18 19 19 12 30 54 89 94 Greatest Support 88 | 20 20 20 40 40 20 16 28 88 80 Greatest Overweight (x) 6 | . . 1 . 1 2 2 1 6 4 Average Overweight (x) . | . . . . . . . 1 1 . Largest Inventory Capacity 10 | 6 6 6 6 6 6 4 4 10 10 Average Capacity 7 | 5 6 6 6 6 5 4 4 8 10 Most Carried 10 | 6 6 6 6 6 6 4 4 10 10 Average Carried 7 | 3 5 5 4 4 5 3 3 8 9 Final Capacity 10 | 6 6 6 6 6 4 4 4 10 10 Final Carried 10 | 6 6 6 4 6 4 4 4 10 10 Class Distribution -------------------- 41% | Scavenger-Mutant 23% | Mutant 14% | Scavenger-Tank 8% | Bothacker-Tank 6% | Scavenger-Gunner 4% | Bothacker-Mutant Dominant Class ---------------- Mutant | -10/Materials Mutant | -10/Mines Scavenger-Mutant | -9/Materials Mutant | -8/Materials Scavenger-Mutant | -8/Storage Mutant | -7/Factory Scavenger-Tank | -6/Factory Scavenger-Mutant | -6/Garrison Scavenger-Mutant | -6/Factory Resources | -11 -10 -10 -9 -8 -8 -7 -6 -6 -6 ----------- Run | Scr Mat Min Mat Mat Sto Fac Fac Gar Fac Matter Collected 3299 | 264 . 264 280 160 117 114 . 1217 883 Remotely . | . . . . . . . . . . Salvage Created 3342 | 54 10 15 492 382 74 193 . 994 1128 Parts 153 | 9 2 . 37 12 3 15 . 26 49 Haulers Intercepted 3 | . . . 1 2 . . . . . Recyclers Shooed 3 | . . . 2 1 . . . . . Parts Field Recycled . | . . . . . . . . . . Retrieved Matter . | . . . . . . . . . . Parts Self-Destructed . | . . . . . . . . . . Prevented . | . . . . . . . . . . Kills | -11 -10 -10 -9 -8 -8 -7 -6 -6 -6 ------- Run | Scr Mat Min Mat Mat Sto Fac Fac Gar Fac Combat Hostiles Destroyed 58 | . . 4 11 8 1 2 . 17 15 Guns 27 | . . . 4 . 1 1 . 11 10 Cannons 8 | . . . . . . . . 6 2 AOE 22 | . . 4 7 8 . 1 . . 2 Classes Destroyed 14 | 1 1 2 7 1 . 1 . 1 . Worker 8 | . . 1 4 . . . . . 3 Builder 6 | . . . 3 . . . . . 3 Tunneler 3 | 3 . . . . . . . . . Hauler 3 | . . . 1 2 . . . . . Recycler 4 | . . . 1 1 . 1 . . 1 Operator 2 | . . . . 1 1 . . . . Watcher 4 | . 1 . 1 . . 1 . . 1 Swarmer 10 | . . . 3 . . . . 6 1 Grunt 25 | . . . 5 7 1 . . 4 8 Brawler 5 | . . . . . . . . 4 1 Duelist 1 | . . . 1 . . . . . . Sentry 8 | . . . 2 1 . . . 1 4 Programmer 6 | . . . . . . 2 . 2 2 Assembled 4 | . . 4 . . . . . . . Best Kill Streak 6 | 1 1 2 6 6 1 2 . 5 4 Combat Bots Only 6 | . . 2 5 6 1 1 . 5 3 Max Kills in Single Turn 3 | 1 1 2 3 3 1 2 . 2 2 Gunslinging . | . . . . . . . . . . Exploded 3 | . . 2 2 3 . 1 . . 1 Melee . | . . . . . . . . . . Uniques/NPCs Destroyed . | . . . . . . . . . . Combat | -11 -10 -10 -9 -8 -8 -7 -6 -6 -6 -------- Run | Scr Mat Min Mat Mat Sto Fac Fac Gar Fac Damage Taken 7242 | . 100 429 687 586 610 44 . 2995 1791 Core 1598 | . 20 68 148 90 420 . . 629 223 Absorbed by Shields 716 | . . . . . . . . 208 508 Core Remaining (%) 66 | 100 . 64 63 . 7 100 . . . Volleys Fired 352 | 7 10 18 51 26 11 9 2 106 112 Largest 4 | 2 2 1 3 3 1 3 3 4 4 Hottest 274 | 70 100 100 98 145 56 184 184 274 183 Shots Fired 600 | 14 18 18 60 42 12 12 6 242 176 Gun 437 | 14 16 1 36 27 12 11 4 211 105 Cannon 74 | . . . . . . 1 2 31 40 Launcher 53 | . . 10 24 15 . . . . 4 Special 36 | . 2 7 . . . . . . 27 Kinetic 233 | 7 8 1 8 . . . . 124 85 Thermal 269 | 7 10 7 21 27 12 10 4 111 60 Explosive 53 | . . 10 24 15 . . . . 4 Electromagnetic 18 | . . . 7 . . 2 2 7 . Robot Hit Streak 33 | 4 5 6 9 5 3 6 1 33 15 Robot Miss Streak 4 | 2 3 1 2 3 3 2 3 4 4 Penetration Max 3 | . . . . . . . . . 3 Secondary Targets . | . . . . . . . . . . Shots Hit Robots 385 | 8 9 5 31 24 6 6 2 179 115 Core Hits 195 | 3 1 7 34 23 5 5 . 75 42 Critical Hits 12 | . . . . . . . . 2 10 Critical Kills 4 | . . . . . . . . . 4 Critical Parts Destroyed 7 | . . . . . . . . 2 5 Melee Attacks 23 | . . . . 1 . . . 22 . Impact 3 | . . . . . . . . 3 . Slashing . | . . . . . . . . . . Piercing . | . . . . . . . . . . Sneak Attacks 1 | . . . . . . . . 1 . Combat Hostiles . | . . . . . . . . . . Follow-up Attacks . | . . . . . . . . . . Damage Inflicted 9286 | 97 92 406 1597 1134 124 273 54 2472 3037 Guns 4703 | 97 92 12 342 220 106 139 . 2074 1621 Cannons 1330 | . . . . . . . 54 398 878 Explosions 3203 | . . 394 1252 914 . 134 . . 509 Melee . | . . . . . . . . . . Ramming 50 | . . . 3 . 18 . . . 29 Kinetic 2632 | 49 43 12 49 . . . . 1080 1399 Thermal 3408 | 48 49 . 242 220 106 225 54 1364 1100 Explosive 3069 | . . 394 1252 914 . . . . 509 Electromagnetic 127 | . . . 51 . . 48 . 28 . Impact . | . . . . . . . . . . Slashing . | . . . . . . . . . . Piercing . | . . . . . . . . . . Highest Corruption 29 | . . . . 13 13 1 . 21 29 Average Corruption 14 | . . . . 13 13 1 . 8 25 Corruption Purged . | . . . . . . . . . . Effects 266 | . . . . 5 16 1 . 97 147 Message Errors 43 | . . . . . 3 . . 19 21 Matter Fused 44 | . . . . . 3 . . 26 15 Heat Flow Errors 19 | . . . . . . . . 6 13 Energy Discharges 17 | . . . . 1 . . . 7 9 Parts Rejected 4 | . . . . . 1 . . . 3 Data Loss (minor) 21 | . . . . 2 1 1 . 12 5 Data Loss (major) 5 | . . . . . 1 . . 2 2 Misfires 9 | . . . . . 1 . . 5 3 Alerts 6 | . . . . . . . . 1 5 Misdirections 20 | . . . . . 1 . . 5 14 Targeting Errors 71 | . . . . 1 5 . . 11 54 Weapon Failures 7 | . . . . 1 . . . 3 3 Overload Shots . | . . . . . . . . . . Overflow Damage 108 | . . 34 21 22 . . . 9 22 Projectiles 31 | . . . . . . . . 9 22 Explosions 77 | . . 34 21 22 . . . . . Melee . | . . . . . . . . . . Knockbacks . | . . . . . . . . . . Impact . | . . . . . . . . . . Kinetic . | . . . . . . . . . . Secondary . | . . . . . . . . . . Self-Inflicted Damage 96 | . . 20 69 . 7 . . . . Shots 5 | . . 1 4 . . . . . . Rammed 15 | . . . 3 . 7 . . . 5 Targets Rammed 19 | . . . 3 . 9 . . . 7 Kicked 2 | . . . . . 2 . . . . Crushed 2 | . . . . . . . . . 2 Highest Temperature 727 | 36 43 96 122 276 76 75 174 727 565 Average Temperature 139 | 13 17 37 38 105 23 43 91 171 169 Received Heat Transfer 1695 | . 54 . 282 225 261 . . 536 337 Effects 52 | . . . . . . . . 31 21 Shutdowns 17 | . . . . . . . . 9 8 Energy Bleed 5 | . . . . . . . . 3 2 Interference 8 | . . . . . . . . 6 2 Matter Decay 5 | . . . . . . . . 4 1 Short Circuit 3 | . . . . . . . . 1 2 Damage (minor) 2 | . . . . . . . . 1 1 Damage (major) 8 | . . . . . . . . 4 4 Damage (core) 4 | . . . . . . . . 3 1 Siege Activations . | . . . . . . . . . . Robots Corrupted . | . . . . . . . . . . Combat Hostiles . | . . . . . . . . . . Parts Fried 1 | . . . 1 . . . . . . Impact Corruptions . | . . . . . . . . . . Robots Melted 1 | . . . . . . . . . 1 Combat Hostiles 1 | . . . . . . . . . 1 Parts Melted 9 | . . . 1 2 1 . . 3 2 Heat Transferred 6276 | 148 148 . 606 481 222 148 74 2449 2000 Parts Sabotaged . | . . . . . . . . . . Parts Stolen . | . . . . . . . . . . Parts Stripped . | . . . . . . . . . . Power Chain Reactions 1 | . . . . . . 1 . . . Missiles Intercepted . | . . . . . . . . . . Alert | -11 -10 -10 -9 -8 -8 -7 -6 -6 -6 ------- Run | Scr Mat Min Mat Mat Sto Fac Fac Gar Fac Peak Influence 757 | 15 31 20 334 392 526 691 280 757 602 Initial 396 | . 9 12 7 52 157 238 270 196 396 Average 415 | 6 19 11 149 223 218 545 270 611 429 Maximum Alert Level 3 | . . . 1 1 2 2 1 3 2 Low Security (%) 24 | 100 100 100 68 50 76 . . 4 . Level 1 22 | . . . 31 50 17 20 100 8 41 Level 2 30 | . . . . . 6 79 . 30 58 Level 3 22 | . . . . . . . . 55 . Level 4 . | . . . . . . . . . . Level 5 . | . . . . . . . . . . High Security . | . . . . . . . . . . Max Security . | . . . . . . . . . . Squads Dispatched 21 | . 2 . 2 3 3 3 . . 8 Investigation 1 | . . . . . . . . . 1 Extermination 3 | . . . . . . 1 . . 2 Reinforcement 14 | . 2 . 2 3 3 . . . 4 Assault 2 | . . . . . . 1 . . 1 Garrison 1 | . . . . . . 1 . . . Intercept . | . . . . . . . . . . Construction Impeded 4 | . . . 1 . . . . . 3 Haulers Reinforced . | . . . . . . . . . . Stealth | -11 -10 -10 -9 -8 -8 -7 -6 -6 -6 --------- Run | Scr Mat Min Mat Mat Sto Fac Fac Gar Fac Distress Signals 7 | . . . 2 1 2 1 . . 1 Communications Jammed . | . . . . . . . . . . Distress Signals . | . . . . . . . . . . Times Spotted 152 | . 8 6 17 19 27 2 . 38 35 Peak Tracking Total 15 | . 2 2 5 6 15 3 . 5 5 Tactical Retreats 15 | . . 1 . . 2 . . 4 8 Traps | -11 -10 -10 -9 -8 -8 -7 -6 -6 -6 ------- Run | Scr Mat Min Mat Mat Sto Fac Fac Gar Fac Traps Triggered 20 | . . . . . . . . 18 2 Indirectly . | . . . . . . . . . . Trap Hack Attempts . | . . . . . . . . . . Triggered . | . . . . . . . . . . Disarmed . | . . . . . . . . . . Reprogrammed . | . . . . . . . . . . Reused . | . . . . . . . . . . Traps Extracted . | . . . . . . . . . . Installed . | . . . . . . . . . . Triggered . | . . . . . . . . . . Machines | -11 -10 -10 -9 -8 -8 -7 -6 -6 -6 ---------- Run | Scr Mat Min Mat Mat Sto Fac Fac Gar Fac Machines Disabled 17 | . . 1 4 4 . 1 . 4 3 Max in Single Turn 2 | . . 1 2 1 . 1 . 1 2 Garrison Relay 4 | . . . . . . . . 4 . Machines Sabotaged . | . . . . . . . . . . Garrisons Compromised . | . . . . . . . . . . Overloaded Fab Kills . | . . . . . . . . . . Fab Network Shutdowns 1 | . . . . . . 1 . . . Hacking | -11 -10 -10 -9 -8 -8 -7 -6 -6 -6 --------- Run | Scr Mat Min Mat Mat Sto Fac Fac Gar Fac Machines Accessed 16 | . 1 . 1 . 4 3 3 . 4 Terminals 12 | . 1 . 1 . 3 1 2 . 4 Fabricators 1 | . . . . . . 1 . . . Repair Stations . | . . . . . . . . . . Recycling Units 2 | . . . . . 1 1 . . . Scanalyzers . | . . . . . . . . . . Garrison Access 1 | . . . . . . . 1 . . Total Hacks 46 | . 3 . 4 . 11 10 8 . 10 Successful 18 | . . . 1 . 6 6 4 . 1 Failed 28 | . 3 . 3 . 5 4 4 . 9 Catastrophic 3 | . . . . . . 1 . . 2 Database Lockouts . | . . . . . . . . . . Manual 30 | . 3 . 3 . 5 7 5 . 7 Terminals 36 | . 3 . 4 . 7 6 6 . 10 Fabricators 2 | . . . . . . 2 . . . Repair Stations . | . . . . . . . . . . Recycling Units 6 | . . . . . 4 2 . . . Scanalyzers . | . . . . . . . . . . Garrison Access 2 | . . . . . . . 2 . . Terminal Hacks 7 | . . . 1 . 2 2 1 . 1 Open Door 1 | . . . . . 1 . . . . Terminal Index 2 | . . . . . . 1 1 . . Locate Traps 2 | . . . 1 . . . . . 1 Zone Layout 2 | . . . . . 1 1 . . . Fabricator Hacks 1 | . . . . . . 1 . . . Build 1 | . . . . . . 1 . . . Repair Station Hacks . | . . . . . . . . . . Recycling Unit Hacks 1 | . . . . . 1 . . . . Report Inventory 1 | . . . . . 1 . . . . Scanalyzer . | . . . . . . . . . . Garrison Access Hacks 1 | . . . . . . . 1 . . Unlock Access 1 | . . . . . . . 1 . . Unauthorized Hacks 8 | . . . . . 3 3 2 . . Terminals 5 | . . . . . 1 2 2 . . Track 1 | . . . . . . 1 . . . Assimilate 1 | . . . . . 1 . . . . Botnet 3 | . . . . . . 1 2 . . Fabricators . | . . . . . . . . . . Repair Stations . | . . . . . . . . . . Recycling Units 3 | . . . . . 2 1 . . . Reject 1 | . . . . . 1 . . . . Mask 2 | . . . . . 1 1 . . . Scanalyzers . | . . . . . . . . . . Garrison Access . | . . . . . . . . . . Data Cores Recovered . | . . . . . . . . . . Used . | . . . . . . . . . . Hacking Detections 15 | . 1 . 1 . 3 3 3 . 4 Full Trace Events 1 | . . . . . . . . . 1 Feedback Events . | . . . . . . . . . . Feedback Blocked . | . . . . . . . . . . Robot Schematics Acquired . | . . . . . . . . . . Robots Built . | . . . . . . . . . . Matter . | . . . . . . . . . . Time . | . . . . . . . . . . Total Robot Build Rating . | . . . . . . . . . . Part Schematics Acquired . | . . . . . . . . . . Parts Built 2 | . . . . . . 2 . . . Matter 234 | . . . . . . 234 . . . Time 39 | . . . . . . 39 . . . Total Part Build Rating 14 | . . . . . . 14 . . . Parts Repaired . | . . . . . . . . . . Time . | . . . . . . . . . . Parts Recycled . | . . . . . . . . . . Recycled Matter . | . . . . . . . . . . Retrieved Matter . | . . . . . . . . . . Retrieved Components . | . . . . . . . . . . Parts Scanalyzed . | . . . . . . . . . . Part Schematics Acquired . | . . . . . . . . . . Parts Damaged . | . . . . . . . . . . Bothacking | -11 -10 -10 -9 -8 -8 -7 -6 -6 -6 ------------ Run | Scr Mat Min Mat Mat Sto Fac Fac Gar Fac Used RIF Installer 1 | . . . . . . . . 1 . Robots Hacked 20 | . . . . 1 . . . 7 12 Non-combat 13 | . . . . 1 . . . . 12 Combat 7 | . . . . . . . . 7 . Robot Hacks Applied 37 | . . . . 1 . . . 13 23 parse_system 1 | . . . . . . . . 1 . no_distress 2 | . . . . 1 . . . . 1 generate_anomaly 1 | . . . . . . . . . 1 generate_echo 4 | . . . . . . . . . 4 start_evac 9 | . . . . . . . . . 9 hold_bot 1 | . . . . . . . . . 1 map_walls 1 | . . . . . . . . . 1 link_fov 4 | . . . . . . . . 1 3 spike_heat 1 | . . . . . . . . 1 . overload_power 1 | . . . . . . . . . 1 amplify_resonance 2 | . . . . . . . . . 2 wipe_record 3 | . . . . . . . . 3 . overwrite_iff 1 | . . . . . . . . 1 . streamctrl_high 3 | . . . . . . . . 3 . formatsys_high 3 | . . . . . . . . 3 . Relay Couplers Released 17 | . . . . . . . . 17 . Machine Destruction 17 | . . . . . . . . 17 . Attached 10 | . . . . . . . . 5 5 Robots Rewired . | . . . . . . . . . . Allies Hacked . | . . . . . . . . . . Hacks Repelled . | . . . . . . . . . . Allies | -11 -10 -10 -9 -8 -8 -7 -6 -6 -6 -------- Run | Scr Mat Min Mat Mat Sto Fac Fac Gar Fac Total Allies 10 | . . 3 . . . . . 7 . Largest Group 3 | . . 3 1 . . . . 2 1 Highest-Rated Group 64 | . . 40 8 . . . . 64 28 Highest-Rated Ally 32 | . . 16 8 . . . . 32 28 Total Orders 1 | . . . . . . . . 1 . STAY 1 | . . . . . . . . 1 . Ally Attacks 54 | . . . 3 . . . . 41 10 Total Damage 1248 | . . . 23 . . . . 1006 219 Kills 12 | . . . . . . . . 10 2 Allies Corrupted . | . . . . . . . . . . Allies Melted 1 | . . . . . . . . 1 . Intel | -11 -10 -10 -9 -8 -8 -7 -6 -6 -6 ------- Run | Scr Mat Min Mat Mat Sto Fac Fac Gar Fac Robot Analysis Total . | . . . . . . . . . . Derelict Logs Recovered 1 | . . 1 . . . . . . . Drone Launches . | . . . . . . . . . . Drone Recoveries . | . . . . . . . . . . Exploration | -11 -10 -10 -9 -8 -8 -7 -6 -6 -6 ------------- Run | Scr Mat Min Mat Mat Sto Fac Fac Gar Fac Turns Passed 7844 | 182 160 780 401 268 305 507 352 3243 1646 Spaces Moved 3505 | 120 74 362 199 126 176 322 194 1278 654 Core 337 | 4 . . . . 118 215 . . . Treads 2268 | . . . 77 84 . . 176 1277 654 Legs 774 | 116 74 362 122 42 58 . . . . Wheels 62 | . . . . . . 44 18 . . Hover 63 | . . . . . . 63 . . . Flight 1 | . . . . . . . . 1 . Fastest Speed 50 | 50 120 120 120 120 50 50 110 160 160 Average Speed 153 | 117 120 120 135 146 73 92 173 181 177 Slowest Speed 545 | 120 120 150 160 160 150 150 180 545 240 Overloaded Moves . | . . . . . . . . . . Propulsion Burnouts . | . . . . . . . . . . Robots Hopped . | . . . . . . . . . . Cave-ins Triggered 1 | . . . . 1 . . . . . Exploration Rate (%) 30 | 5 19 69 27 17 50 7 5 86 16 Regions Visited 9 Branch Regions 2 Pre-discovered Areas . | . . . . . . . . . . Known Exits Taken 1 | . . . . . . . 1 . . Unknown Exits Taken 7 | 1 1 1 1 1 1 1 . . . Scrap Searched . | . . . . . . . . . . Spaces Dug 152 | . 2 36 113 . . . . . 1 Terrain Destroyed 420 | . 2 80 221 84 . 3 . 2 28 Melee . | . . . . . . . . . . Projectile 22 | . 2 7 . . . . . 2 11 AOE 398 | . . 73 221 84 . 3 . . 17 Terrain Rammed . | . . . . . . . . . . Walls Destroyed . | . . . . . . . . . . Machines Disabled . | . . . . . . . . . . Actions | -11 -10 -10 -9 -8 -8 -7 -6 -6 -6 --------- Run | Scr Mat Min Mat Mat Sto Fac Fac Gar Fac Total 5411 | 143 123 670 268 166 339 519 204 2003 976 Wait 1208 | . 32 280 4 . 135 157 . 454 146 Move 3496 | 119 73 361 198 125 175 321 193 1277 654 Hop . | . . . . . . . . . . Pick Up 58 | 6 2 2 2 5 2 9 1 25 4 Fast Attach 81 | 8 1 3 2 4 2 8 5 30 18 Attach 34 | 1 . 1 4 4 2 6 1 10 5 Detach 24 | 2 . . 1 1 1 3 1 10 5 Swap 35 | . 2 3 2 . . . . 15 13 Drop 57 | . 3 2 1 . 2 6 1 30 12 Fire 352 | 7 10 18 51 26 11 9 2 106 112 Melee 23 | . . . . 1 . . . 22 . Ram 4 | . . . . . 4 . . . . Kick 5 | . . . . . 5 . . . . Crush 10 | . . . 3 . . . . . 7 Escape Stasis 24 | . . . . . . . . 24 . Rewire . | . . . . . . . . . . Trap . | . . . . . . . . . . Miscellaneous . | . . . . . . . . . . Route ------- -11/Scrapyard -10/Materials -10/Mines -9/Materials -8/Materials -8/Storage -7/Factory -6/Factory -6/Garrison (discovered 3 exits: *Fac x3) -6/Factory History --------- Turn | Location | Event 7 | -11/Scrapyard | Discovered new exit (range 15) 183 | -11/Scrapyard | Entered Materials 311 | -10/Materials | Build established: Mutant 318 | -10/Materials | Discovered new exit (range 14) 343 | -10/Materials | Entered Mines 362 | -10/Mines | Assembled infested the area 367 | -10/Mines | Assisted by a Guerilla fighting off Assembled 422 | -10/Mines | Learned Materials terminal intel 861 | -10/Mines | Received a Rocket Launcher from a helpful Derelict 899 | -10/Mines | Lost 4 parts (1n1u2w) 1059 | -10/Mines | Assisted by bots powering up and referring to "LRC-V3" 1118 | -10/Mines | Discovered new exit (range 6) 1123 | -10/Mines | Entered Materials 1123 | -9/Materials | Accompanied by 1 ally 1123 | -9/Materials | Evolved 2 slots: Utility x1, Weapon x1 1124 | -9/Materials | Loaded intel: 12 terminal locations 1377 | -9/Materials | Lost 4 parts (1n3w) 1489 | -9/Materials | Discovered new exit (range 15) 1524 | -9/Materials | Entered another Materials area 1524 | -8/Materials | Evolved 2 slots: Propulsion x1, Weapon x1 1710 | -8/Materials | Discovered new exit (range 15) 1726 | -8/Materials | Crushed by falling debris 1726 | -8/Materials | System corruption reached 10% 1757 | -8/Materials | Lost 3 parts (1n2w) 1792 | -8/Materials | Entered Storage 2018 | -8/Storage | Build established: Scavenger-Mutant 2052 | -8/Storage | Core integrity fell below 50% 2092 | -8/Storage | Core integrity fell below 20% 2095 | -8/Storage | Discovered new exit (range 5) 2097 | -8/Storage | Entered Factory 2097 | -7/Factory | Evolved 2 slots: Utility x2 2141 | -7/Factory | Fabricated Point Defense Array (x2) 2201 | -7/Factory | Local fabrication network quarantined 2326 | -7/Factory | Build established: Mutant 2497 | -7/Factory | First assault squad dispatched 2553 | -7/Factory | Discovered new exit (range 18) 2601 | -7/Factory | Garrison activated, responded to threat 2604 | -7/Factory | Entered another Factory area 2604 | -6/Factory | Evolved 2 slots: Power x1, Propulsion x1 2874 | -6/Factory | Build established: Scavenger-Tank 2949 | -6/Factory | Identified exit to Garrison 2956 | -6/Factory | Entered Garrison 2965 | -6/Garrison | Installed Relay Interface Framework 3166 | -6/Garrison | Triggered checkpoint 3185 | -6/Garrison | Garrison Relay disabled 3302 | -6/Garrison | Core integrity fell below 50% 3360 | -6/Garrison | Lost 5 parts (2n1u2w) 3388 | -6/Garrison | Triggered checkpoint 3510 | -6/Garrison | Discovered new exit (range 9) 3546 | -6/Garrison | Triggered checkpoint 3639 | -6/Garrison | Garrison Relay disabled 3840 | -6/Garrison | Triggered checkpoint 3870 | -6/Garrison | Discovered new exit (range 12) 3906 | -6/Garrison | Triggered checkpoint 4089 | -6/Garrison | Garrison Relay disabled 4222 | -6/Garrison | Triggered checkpoint 4401 | -6/Garrison | Garrison Relay disabled 4468 | -6/Garrison | Triggered checkpoint 4468 | -6/Garrison | Triggered checkpoint 4650 | -6/Garrison | Triggered checkpoint 4695 | -6/Garrison | Build established: Scavenger-Mutant 4703 | -6/Garrison | Lost 7 parts (2p3u2w) 5000 | -6/Garrison | Found Imp. Powered Armor 5157 | -6/Garrison | Discovered new exit (range 14) 5186 | -6/Garrison | System corruption reached 10% 5237 | -6/Garrison | Lost 7 parts (1p1n2u3w) 6199 | -6/Garrison | Entered Factory 6199 | -6/Factory | Accompanied by 1 ally 6201 | -6/Factory | Build established: Bothacker-Tank 7056 | -6/Factory | Core integrity fell below 20% 7249 | -6/Factory | First assault squad dispatched 7359 | -6/Factory | Build established: Scavenger-Mutant 7845 | -6/Factory | Destroyed by G-50 Soldier with Heavy Laser Last Messages --------------- 07830_ Lgt. Treads destroyed. 07832_ System corrupted: Plasma Rifle rejected. 07832_ Y-54 Guardian heat damages core (-13). 07832_ K-01 Serf destroyed. 07833_ System corrupted: Plasma Cannon targeting data glitched. 07834_ R-10 Processor collects Wheel. 07834_ K-01 Serf collects debris. 07835_ System corrupted: Plasma Cannon targeting data glitched. 07835_ Y-54 Guardian suffers critical hit. 07835_ Melted Imp. Light Armor Plating. 07836_ Y-54 Guardian heat damages Broken Imp. Heat Sink. 07837_ Y-54 Guardian heat damages core (-15). 07837_ R-10 Processor collects Plasma Rifle. 07839_ Acquired Imp. Deuterium Engine. 07840_ R-10 Processor collects Med. Matter Pod. 07840_ R-10 Processor collects Wheel. 07840_ System corrupted: Plasma Cannon targeting data glitched. 07840_ K-01 Serf destroyed. 07844_ R-10 Processor collects Wheel. 07844_ System corrupted: Plasma Cannon targeting data glitched. Map ----- +----------------------------------------------------+ | ?????????????????????????????????????????????????? | | ?????????????????????????????????????????????????? | | ?????????????????????????????????????????????????? | | ?????????????????????????????????????????????????? | | ?????????????????????????????????????????????????? | | ?????????????????????????????????????????????????? | | ?????????????????????????????? ????????????????? | | ?????????????????????????????? ??????????????? | | ?????????????????????????????? ????????????? | | ?????????????????????????????? ????????????? | | ?????????????????????????????? ?????????????? | | ?????????????????????????????? ?????????????? | | ?????????????????????????????? #?????????????? | | ?????????????????????????????# #?????????????? | | ?????????????????????????????# # ????????????? | | ?????????????????????????????# /?????????????? | | ?????????????????????????????# #?????????????? | | ?????????????????????????????# #?????????????? | | ????????????????????########## #?????????????? | | ????????????????????# # #?????????????? | | ????????????????????# # #?????????????? | | ????????????????????# # #?????????????? | | ????????????????????# g #?????????????? | | ????????????????????# # #?????????????? | | ????????????????????# R R# #?????????????? | | ????????????????????# @g # #?????????????? | | ????????????????????# % # #?????????????? | | ????????????????????# # #?????????????? | | ??????????????#########+###### #?????????????? | | ??????????????# + +?????????????? | | ??????????????# ! # # ????????????? | | ??????????????# [# # ???????????? | | ??????????????# """ """ """ # #? ??????????? | | ??????????????# """ """ """ # #?? ?????????? | | ??????????????# """ """ """ # #?? ?????????? | | ??????????????################ #?????????????? | | ???????????????????########### #?????????????? | | ???????????????????# ! # ^ #?????????????? | | ???????????????????# # ^#?????????????? | | ???????????????????# # #?????????????? | | ???????????????????# # #???????????### | | ???????????????????# # #???????????# | | ???????????????????# # #???????????# " | | ???????????????????# + #???????????# " | | ???????????????????#! ! # #?? ???????# " | | ???????????????????########### #??"????????# | | ?????????????????????? ?# #? "??? !#??# | | ????????????????????? """ ?# #? ??" #??# | | ????????????????????? """ # # ? ????# | | ????????????????????# """ # # """ ?????#" | +----------------------------------------------------+ Best States ------------- Heat Dissipation 56 Energy Generation 37 Energy Capacity 940 Matter Stores 300 Matter Capacity 300 Sight Range 20 Terrain Scan Range 16 Terrain Scan Density 260 ECM Strength 2 Armor Coverage 550 Resistance: KI 20 Evasion (%) 50 Core Analysis 6 Recoil Reduction 4 Offensive Hacking 10 Relay Coupler Types 31 Relay Coupler Value 1 Item Schematics ----------------- None Robot Schematics ------------------ None Fabricated ------------ Point Defense Array | x2 | -7/Factory | Preloaded Alien Tech Used ----------------- None Achievements -------------- None Challenges ------------ None Game ------ Seed SupersonicThiefSuite Manual? 0 Play Time 01:44:01 Cumulative 102.2 hours Start 2021.06.15 @ 12:07:59 End 2021.06.15 @ 15:51:13 Sessions 3 Manual Loads 0 Difficulty Rogue Special Mode None Game No. 165 Rogue 165 Adventurer 0 Explorer 0 Win Type - Total 0 Types 0/0/0/0/0/0/0/0/0 Lore% 48 Gallery% 52 Achievement% 35 Wizard Run 0 Options --------- ASCII 1 Keyboard 0 Movement Mouse Keybinds 0 Fullscreen 1 Font 10/Smallcaps Map View 72x50 Tactical HUD 1 Map Filters NONE Filters NONE Steam 1 RUN: 57b4d473-98ff-472b-a78a-b9bfa7b87c2e